 Dungeon Crawl Stone Soup version 0.29.0-4-gdea44cf6ec (webtiles) character file.

Game seed: 14289072106600143556

13452 qw the Severer (level 11, -15/97 HPs)
             Began as a Minotaur Berserker on Sept 10, 2022.
             Was an Elder of Trog.
             Demolished by a boulder beetle (46 damage)
             ... on level 2 of the Lair of Beasts.
             The game lasted 00:04:05 (11131 turns).

qw the Severer (Minotaur Berserker)                Turns: 11131, Time: 00:04:06

Health: -15/97     AC: 20    Str: 26    XL:     11   Next: 75%
Magic:  8/8        EV:  7    Int:  7    God:    Trog [****..]
Gold:   335        SH: 11    Dex: 10    Spells: 10/10 levels left

rFire   + . .      SeeInvis .   Y - +0 war axe (vamp)
rCold   + . .      Faith    .   e - +0 kite shield
rNeg    . . .      Spirit   .   k - +0 plate armour
rPois   +          Reflect  .   (helmet restricted)
rElec   .          Harm     .   j - +2 cloak
rCorr   .          Rampage  .   b - +0 pair of gloves
Will    .....                   f - +0 pair of boots
Stlth   ..........              (no amulet)
HPRegen 0.26/turn               q - ring of poison resistance
MPRegen 0.11/turn               c - ring of Red Wine {rF+ rC+ Int+3}

@: on berserk cooldown, slowed, very slow
A: horns 2, retaliatory headbutt, low MP 1
a: Renounce Religion, Berserk, Trog's Hand, Brothers in Arms


You were on level 2 of the Lair of Beasts.
You worshipped Trog.
Trog was greatly pleased with you.
You visited 2 branches of the dungeon, and saw 10 of its levels.

You collected 607 gold pieces.
You spent 272 gold pieces at shops.


Innate Abilities, Weirdness & Mutations

You have a pair of horns on your head.
You reflexively headbutt those who attack you in melee.
Your magical capacity is low. (-10% MP)


   Skills:
 + Level 9.0 Fighting
 - Level 16.0 Axes
 - Level 1.1 Throwing
 - Level 9.0 Armour
 - Level 3.2 Dodging
 - Level 10.7 Shields


You had 10 spell levels left.
You didn't know any spells.
Your spell library was empty.

Inventory:

Hand Weapons
 m - a +0 flail
 Y - a +0 vampiric war axe (weapon)
Missiles
 s - 5 boomerangs (quivered)
Armour
 b - a +0 pair of gloves (worn)
 e - a +0 kite shield (worn)
 f - a +0 pair of boots (worn)
 j - a +2 cloak (worn)
 k - a +0 plate armour (worn)
 p - a +1 chain mail of fire resistance
Jewellery
 c - the ring of Red Wine (right hand) {rF+ rC+ Int+3}
   (You found it on level 4 of the Dungeon)

   [ring of protection from fire]

   Int:       It affects your intelligence (+3).
   rF:        It protects you from fire.
   rC:        It protects you from cold.
 n - a ring of willpower
 q - a ring of poison resistance (left hand)
 r - a +4 ring of slaying {mikee}
Scrolls
 h - 3 scrolls of identify
 i - a scroll of brand weapon
 o - 2 scrolls of teleportation
Potions
 a - 2 potions of mutation
 d - 8 potions of curing
 g - a potion of cancellation
 l - a potion of might

Dungeon Overview and Level Annotations

Branches:
Dungeon (8/15)             Temple (0/1) D:7            Lair (2/5) D:8
  Snake (0/4) Lair:2
  Swamp: Lair:2-3    Shoals: Lair:2-3

Altars:
Ashenzari
Cheibriados
Dithmenos
Hepliaklqana
Makhleb
Nemelex Xobeh
Trog
Xom
Yredelemnul
Zin

Shops:
D:2 [   D:7 [

Annotations:
D:7 1 runed translucent door, Crazy Yiuf


Message History

You slash the boulder beetle!
The boulder beetle is lightly wounded.
The boulder beetle leaps!
Throw: 5 boomerangs
Press: ? - help, Q - select action Shift-Dir - straight line, f - boulder beetle You throw a boomerang.
The boomerang hits the boulder beetle but does no damage.
The boulder beetle is lightly wounded.
The boulder beetle curls into a ball and begins rolling!
The boulder beetle hits you.
The boulder beetle stops rolling and uncurls.
You hit the boulder beetle.
You feel better.
The boulder beetle is lightly wounded.
The boulder beetle bites you!
You hit the boulder beetle but do no damage.
The boulder beetle is lightly wounded.
You block the boulder beetle's attack.
You hit the boulder beetle but do no damage.
You headbutt the boulder beetle, but do no damage.
The boulder beetle is lightly wounded.
The boulder beetle leaps!
You start resting.
The boulder beetle leaps!
A boulder beetle is nearby!
Throw: 5 boomerangs
Press: ? - help, Q - select action Shift-Dir - straight line, f/p - boulder beetle You throw a boomerang.
The boomerang hits the boulder beetle but does no damage.
The boulder beetle is lightly wounded.
Throw: 5 boomerangs
Press: ? - help, Q - select action Shift-Dir - straight line, f/p - boulder beetle You throw a boomerang.
The boomerang hits the boulder beetle.
The boulder beetle is moderately wounded.
The boulder beetle curls into a ball and begins rolling!
Throw: 5 boomerangs
Press: ? - help, Q - select action Shift-Dir - straight line, f/p - boulder beetle You throw a boomerang.
The boomerang hits the boulder beetle.
The boulder beetle is moderately wounded.
The boulder beetle hits you!!!
You die...

./....$...#..
............#
..?.........
......0...##
#....0...P#
##....0...(#
#.....B...#
#....@...##
#.........#
##........##
#P........#
##...#....#
#..###...##
#P.. #.)..#
##.# #...##
#.. #.
#...### #.P


You could see a boulder beetle (rolling).

Vanquished Creatures
  A two-headed ogre (D:8)
  A catoblepas (Lair:2)
  Erica (D:8)
  Pikel (D:5)
  An oklob plant (Lair:1)
  2 black mambas (Lair:1)
  Maggie (D:8)
  2 cane toads (Lair:1)
  2 komodo dragons (Lair:1)
  10 blink frogs
  A shadow (D:5)
  9 yaks
  4 nagas (Lair:2)
  Duvessa (D:5)
  8 water moccasins
  2 ice beasts
  A sky beast (D:8)
  3 black bears
  5 orc warriors
  4 ogres
  2 centaurs
  2 phantoms
  5 wolves (Lair:1)
  A kobold brigand (D:8)
  A lemure (D:5)
  Blork the orc (D:5)
  3 necrophages
  9 bullfrogs
  3 scorpions
  Dowan (D:5)
  3 howler monkeys
  3 jellies
  4 hounds
  4 orc priests
  A scorpion zombie (D:5)
  Ijyb (D:5)
  Natasha (twice) (D:2)
  2 orc wizards (D:7)
  A hound zombie (D:5)
  Robin (D:2)
  9 adders
  2 shadow imps (D:5)
  A white imp (D:7)
  2 ufetubi
  2 worms (D:2)
  30 orcs
  10 ball pythons
  12 endoplasms
  3 giant cockroaches
  20 goblins
  3 hobgoblins
  2 iguanas
  2 jackals (D:3)
  8 kobolds
  3 quokkas
  7 bats
  3 frilled lizards
  9 rats
238 creatures vanquished.

Vanquished Creatures (others)
  22 fungi
  33 plants
55 creatures vanquished.

Grand Total: 293 creatures vanquished

Notes
Turn   | Place    | Note
-------+----------+-------------------------------------------
     0 | D:1      | qw the Minotaur Berserker began the quest for the Orb.
     0 | D:1      | Reached XP level 1. HP: 19/19 MP: 0/0
     0 | D:1      | 0 ||| qw: Version: 0.1-a-116-g5d60599
     0 | D:1      | 0 ||| qw: Game counter: 7549
     0 | D:1      | 0 ||| qw: Always use a shield: true
     0 | D:1      | 0 ||| qw: Do Orc after D:15 true
     0 | D:1      | 0 ||| qw: Do second Lair branch before Depths: true
     0 | D:1      | 0 ||| qw: Lair rune preference: random
     0 | D:1      | 0 ||| qw: Plans: Normal
     0 | D:1      | 0 ||| PLANNING D:1-11
    83 | D:1      | Reached skill level 4 in Axes
   130 | D:1      | Reached XP level 2. HP: 26/26 MP: 1/1
   599 | D:1      | Reached skill level 5 in Axes
   651 | D:1      | Reached ** piety under Trog
   654 | D:1      | 654 ||| DROPPING +0 club.
   768 | D:1      | Reached XP level 3. HP: 31/31 MP: 2/2
  1038 | D:1      | 1038 ||| UPGRADING to +0 ring mail.
  1048 | D:1      | 1048 ||| DROPPING +0 animal skin.
  1049 | D:1      | 1049 ||| READING scroll labelled ZYSUCH YCUFUPS.
  1050 | D:1      | 1050 ||| READING scroll labelled HOWNUK DUHUAQ.
  1055 | D:1      | 1055 ||| READING 2 scrolls labelled CUTOPS MOD BUT.
  1056 | D:1      | 1056 ||| READING 2 scrolls labelled ARPHEG JOSTU.
  1057 | D:1      | 1057 ||| READING scroll labelled WESKUO NIUCO.
  1158 | D:1      | 1158 ||| DRINKING 2 orange potions.
  1159 | D:1      | 1159 ||| DROPPING scroll of poison.
  1190 | D:2      | Found a shimmering altar of Xom.
  1291 | D:2      | Noticed Natasha
  1293 | D:2      | 1293 ||| INVOKING Berserk.
  1294 | D:2      | 1294 ||| INVOKING Berserk.
  1302 | D:2      | Killed Natasha
  1458 | D:2      | 1458 ||| INVOKING Berserk.
  1578 | D:2      | 1578 ||| Stepping ~*~*~tactically~*~*~ (stealth).
  1579 | D:2      | 1579 ||| Stepping ~*~*~tactically~*~*~ (stealth).
  1581 | D:2      | Reached skill level 6 in Axes
  1581 | D:2      | Reached XP level 4. HP: 39/39 MP: 3/3
  1667 | D:2      | 1667 ||| READING scroll labelled ALAYS ZEFOO.
  1668 | D:2      | 1668 ||| Stepping randomly (stuck).
  1670 | D:2      | 1670 ||| Stepping randomly (stuck).
  1671 | D:2      | 1671 ||| Stepping randomly (stuck).
  1673 | D:2      | 1673 ||| Stepping randomly (stuck).
  1674 | D:2      | Noticed Natasha
  1675 | D:2      | 1675 ||| Stepping randomly (stuck).
  1677 | D:2      | 1677 ||| Stepping randomly (stuck).
  1683 | D:2      | 1683 ||| Stepping randomly (stuck).
  1707 | D:2      | 1707 ||| Stepping randomly (stuck).
  1708 | D:2      | 1708 ||| Stepping randomly (stuck).
  1709 | D:2      | 1709 ||| Stepping randomly (stuck).
  1710 | D:2      | 1710 ||| INVOKING Berserk.
  1713 | D:2      | Killed Natasha
  1820 | D:2      | 1820 ||| Stepping randomly (stuck).
  1826 | D:2      | 1826 ||| Stepping randomly (stuck).
  1827 | D:2      | 1827 ||| Stepping randomly (stuck).
  1828 | D:2      | 1828 ||| Stepping randomly (stuck).
  1829 | D:2      | 1829 ||| Stepping randomly (stuck).
  1830 | D:2      | 1830 ||| Stepping randomly (stuck).
  1831 | D:2      | 1831 ||| Stepping randomly (stuck).
  1832 | D:2      | 1832 ||| Stepping randomly (stuck).
  1851 | D:2      | 1851 ||| UPGRADING to +0 scale mail.
  1861 | D:2      | 1861 ||| DROPPING +0 ring mail.
  1862 | D:2      | 1862 ||| Stepping randomly (stuck).
  1864 | D:2      | 1864 ||| Stepping randomly (stuck).
  1866 | D:2      | 1866 ||| Stepping randomly (stuck).
  1868 | D:2      | 1868 ||| Stepping randomly (stuck).
  1869 | D:2      | 1869 ||| Stepping randomly (stuck).
  1870 | D:2      | 1870 ||| Stepping randomly (stuck).
  1871 | D:2      | 1871 ||| Stepping randomly (stuck).
  1877 | D:2      | 1877 ||| Stepping randomly (stuck).
  1879 | D:2      | 1879 ||| Stepping randomly (stuck).
  1881 | D:2      | 1881 ||| Stepping randomly (stuck).
  1882 | D:2      | 1882 ||| Stepping randomly (stuck).
  1883 | D:2      | 1883 ||| Stepping randomly (stuck).
  1884 | D:2      | 1884 ||| Stepping randomly (stuck).
  1885 | D:2      | 1885 ||| Stepping randomly (stuck).
  1890 | D:2      | 1890 ||| Stepping randomly (stuck).
  1891 | D:2      | 1891 ||| Stepping randomly (stuck).
  1892 | D:2      | 1892 ||| Stepping randomly (stuck).
  1985 | D:2      | Found Nury's Armour Shop.
  1994 | D:2      | 1994 ||| SHOPLISTING +1 ring mail of Darkness {rC+ Str+2}
                  | (353 gold, have 56).
  1994 | D:2      | 1994 ||| SHOPLISTING +2 pair of boots of stealth (279 gold,
                  | have 56).
  1994 | D:2      | 1994 ||| SHOPLISTING +4 scale mail of the Volcano {rC+
                  | Dex+8} (712 gold, have 56).
  2009 | D:2      | Noticed Robin
  2010 | D:2      | 2010 ||| Stepping ~*~*~tactically~*~*~ (hiding).
  2019 | D:2      | 2019 ||| INVOKING Berserk.
  2021 | D:2      | Killed Robin
  2023 | D:2      | Reached XP level 5. HP: 45/45 MP: 4/4
  2082 | D:2      | 2082 ||| FLEEEEING.
  2083 | D:2      | 2083 ||| FLEEEEING.
  2089 | D:2      | Reached skill level 7 in Axes
  2272 | D:2      | 2272 ||| Stepping ~*~*~tactically~*~*~ (stealth).
  2274 | D:2      | 2274 ||| Stepping ~*~*~tactically~*~*~ (stealth).
  2275 | D:2      | 2275 ||| Stepping ~*~*~tactically~*~*~ (stealth).
  2280 | D:2      | 2280 ||| Stepping ~*~*~tactically~*~*~ (stealth).
  2282 | D:2      | 2282 ||| Stepping ~*~*~tactically~*~*~ (stealth).
  2402 | D:2      | Found a faded altar of an unknown god.
  2419 | D:2      | 2419 ||| Stepping ~*~*~tactically~*~*~ (stealth).
  2496 | D:2      | 2496 ||| UPGRADING to +0 kite shield.
  2501 | D:2      | 2501 ||| DRINKING 2 white potions.
  2502 | D:2      | 2502 ||| DROPPING potion of brilliance.
  2554 | D:3      | 2554 ||| Stepping ~*~*~tactically~*~*~ (stealth).
  2601 | D:3      | Reached skill level 1 in Shields
  2694 | D:3      | Reached *** piety under Trog
  2700 | D:3      | Found a shimmering altar of Xom.
  2707 | D:3      | 2707 ||| INVOKING Berserk.
  3319 | D:3      | 3319 ||| UPGRADING to +0 pair of boots.
  3324 | D:3      | 3324 ||| UPGRADING to +0 cloak.
  3329 | D:3      | 3329 ||| UPGRADING to ring of poison resistance.
  3330 | D:3      | 3330 ||| READING scroll labelled UJE VOURURA EHU.
  3331 | D:3      | 3331 ||| READING scroll labelled KOBLUI JEIR.
  3332 | D:3      | 3332 ||| DRINKING 2 fuming clear potions.
  3332 | D:3      | Gained mutation: Your magical capacity is low. (-10% MP)
                  | [potion of mutation]
  3333 | D:3      | 3333 ||| DRINKING 2 murky red potions.
  3334 | D:3      | 3334 ||| DRINKING 2 viscous blue potions.
  3335 | D:3      | 3335 ||| READING 2 scrolls of identify.
  3335 | D:3      | 3335 ||| IDENTIFYING ruby potion
  3336 | D:3      | 3336 ||| DROPPING potion of flight.
  3337 | D:3      | 3337 ||| DROPPING potion of degeneration.
  3406 | D:4      | Noticed an ogre
  3408 | D:4      | 3408 ||| INVOKING Berserk.
  3413 | D:4      | Killed an ogre
  3414 | D:4      | Reached XP level 6. HP: 52/52 MP: 4/4
  3584 | D:4      | Found a shadowy altar of Dithmenos.
  3801 | D:4      | Identified the ring of Red Wine {rF+ rC+ Int+3}
  4029 | D:4      | 4029 ||| SWAPPING to +0 war axe.
  4135 | D:4      | 4135 ||| DROPPING +1 hand axe.
  4258 | D:4      | 4258 ||| UPGRADING to ring of Red Wine {rF+ rC+ Int+3}.
  4259 | D:4      | 4259 ||| READING scroll labelled BOTSECV XINK.
  4260 | D:4      | 4260 ||| READING 3 scrolls of identify.
  4260 | D:4      | 4260 ||| IDENTIFYING bubbling pink potion
  4261 | D:4      | 4261 ||| READING 2 scrolls of identify.
  4261 | D:4      | 4261 ||| IDENTIFYING lumpy cyan potion
  4262 | D:4      | 4262 ||| DROPPING potion of magic.
  4263 | D:4      | 4263 ||| DROPPING potion of lignification.
  4293 | D:5      | Entered Level 5 of the Dungeon
  4295 | D:5      | 4295 ||| INVOKING Berserk.
  4437 | D:5      | 4437 ||| DROPPING +0 whip.
  4452 | D:5      | Noticed Ijyb
  4454 | D:5      | 4454 ||| DRINKING 3 potions of curing.
  4454 | D:5      | 4454 ||| (to cure confusion)
  4457 | D:5      | 4457 ||| INVOKING Berserk.
  4463 | D:5      | Killed Ijyb
  4464 | D:5      | Reached XP level 7. HP: 59/59 MP: 5/5
  4576 | D:5      | Found a basalt altar of Yredelemnul.
  4614 | D:5      | Reached skill level 8 in Axes
  4658 | D:5      | 4658 ||| Stepping ~*~*~tactically~*~*~ (stealth).
  4689 | D:5      | Noticed a shadow
  4690 | D:5      | 4690 ||| Stepping ~*~*~tactically~*~*~ (stealth).
  4691 | D:5      | Noticed Pikel
  4692 | D:5      | 4692 ||| Stepping ~*~*~tactically~*~*~ (hiding).
  4697 | D:5      | Killed a shadow
  4698 | D:5      | Reached skill level 6 in Shields
  4698 | D:5      | 4698 ||| INVOKING Berserk.
  4709 | D:5      | Killed Pikel
  4710 | D:5      | Reached skill level 10 in Axes
  4710 | D:5      | Reached XP level 8. HP: 61/66 MP: 6/6
  4774 | D:5      | 4774 ||| FLEEEEING.
  4776 | D:5      | 4776 ||| FLEEEEING.
  4783 | D:5      | 4783 ||| FLEEEEING.
  4784 | D:5      | 4784 ||| FLEEEEING.
  4785 | D:5      | 4785 ||| FLEEEEING.
  4788 | D:5      | 4788 ||| FLEEEEING.
  4789 | D:5      | 4789 ||| STAIRDANCE
  4948 | D:5      | 4948 ||| INVOKING Berserk.
  5151 | D:5      | Noticed Dowan
  5152 | D:5      | 5152 ||| Stepping ~*~*~tactically~*~*~ (hiding).
  5157 | D:5      | Noticed Duvessa
  5158 | D:5      | 5158 ||| INVOKING Berserk.
  5162 | D:5      | Killed Dowan
  5169 | D:5      | Killed Duvessa
  5170 | D:5      | Reached skill level 3 in Armour
  5301 | D:5      | 5301 ||| Stepping ~*~*~tactically~*~*~ (stealth).
  5302 | D:5      | 5302 ||| Stepping ~*~*~tactically~*~*~ (stealth).
  5423 | D:5      | 5423 ||| Stepping ~*~*~tactically~*~*~ (hiding).
  5424 | D:5      | 5424 ||| Stepping ~*~*~tactically~*~*~ (hiding).
  5432 | D:5      | Reached skill level 1 in Throwing
  5513 | D:5      | Noticed Blork the orc
  5514 | D:5      | 5514 ||| Stepping ~*~*~tactically~*~*~ (hiding).
  5516 | D:5      | 5516 ||| Stepping ~*~*~tactically~*~*~ (hiding).
  5517 | D:5      | 5517 ||| Stepping ~*~*~tactically~*~*~ (hiding).
  5520 | D:5      | 5520 ||| INVOKING Berserk.
  5524 | D:5      | Killed Blork the orc
  5525 | D:5      | Reached skill level 6 in Fighting
  5640 | D:5      | Found a glowing silver altar of Zin.
  5640 | D:5      | Found a burning altar of Makhleb.
  5641 | D:5      | Noticed a blizzard demon
  5641 | D:5      | Noticed an angel
  5772 | D:5      | 5772 ||| UPGRADING to +2 cloak.
  5782 | D:5      | 5782 ||| UPGRADING to +0 plate armour.
  5792 | D:5      | 5792 ||| DROPPING +0 scale mail.
  5793 | D:5      | 5793 ||| DROPPING +0 cloak.
  5794 | D:5      | 5794 ||| READING scroll labelled FUNLAD RUTTEMIDO.
  5820 | D:6      | 5820 ||| INVOKING Berserk.
  5826 | D:6      | Reached XP level 9. HP: 78/78 MP: 7/7
  5997 | D:6      | 5997 ||| INVOKING Berserk.
  6105 | D:6      | 6105 ||| READING scroll of enchant weapon.
  6105 | D:6      | 6105 ||| ENCHANTING +0 war axe.
  6134 | D:6      | Found a broken altar of Ashenzari.
  6140 | D:6      | Reached skill level 11 in Axes
  6242 | D:6      | Found a bloodstained altar of Trog.
  6275 | D:6      | Found a hazy altar of Hepliaklqana.
  6400 | D:6      | 6400 ||| Stepping ~*~*~tactically~*~*~ (stealth).
  6401 | D:6      | 6401 ||| Stepping ~*~*~tactically~*~*~ (stealth).
  6423 | D:6      | 6423 ||| INVOKING Berserk.
  6634 | D:6      | Found a snail-covered altar of Cheibriados.
  6636 | D:6      | 6636 ||| READING scroll labelled GETWOT FUFF.
  6637 | D:6      | 6637 ||| READING 3 scrolls of identify.
  6637 | D:6      | 6637 ||| IDENTIFYING fizzy clear potion
  6638 | D:6      | 6638 ||| READING 2 scrolls of identify.
  6638 | D:6      | 6638 ||| IDENTIFYING green potion
  6639 | D:6      | 6639 ||| DROPPING potion of berserk rage.
  6676 | D:7      | 6676 ||| Stepping ~*~*~tactically~*~*~ (hiding).
  6778 | D:7      | Found Guan's Armour Shop.
  6784 | D:7      | 6784 ||| BUYING +0 pair of gloves (58 gold).
  6784 | D:7      | Bought a +0 pair of gloves for 58 gold pieces
  6784 | D:7      | 6784 ||| BUYING +1 chain mail of fire resistance (214
                  | gold).
  6784 | D:7      | Bought a +1 chain mail of fire resistance for 214 gold
                  | pieces
  6784 | D:7      | 6784 ||| SHOPLISTING scarf of resistance (416 gold, have
                  | 194).
  6937 | D:7      | 6937 ||| INVOKING Berserk.
  7161 | D:7      | 7161 ||| INVOKING Berserk.
  7317 | D:7      | 7317 ||| INVOKING Berserk.
  7583 | D:7      | Reached skill level 12 in Axes
  7614 | D:7      | Found a staircase to the Ecumenical Temple.
  7695 | D:7      | Identified the +4 hammer of the Mushroom {speed, rF+}
  7697 | D:7      | 7697 ||| DROPPING +0 flail.
  7780 | D:7      | Found a runed translucent door.
  7781 | D:7      | Noticed Crazy Yiuf
  7928 | D:7      | 7928 ||| UPGRADING to +0 pair of gloves.
  7933 | D:7      | 7933 ||| READING scroll labelled VITIOS VENU.
  7934 | D:7      | 7934 ||| READING 2 scrolls of teleportation.
  8139 | D:8      | Noticed a two-headed ogre
  8142 | D:8      | 8142 ||| INVOKING Berserk.
  8148 | D:8      | Killed a two-headed ogre
  8253 | D:8      | Noticed Maggie
  8254 | D:8      | 8254 ||| Stepping ~*~*~tactically~*~*~ (hiding).
  8256 | D:8      | 8256 ||| Stepping ~*~*~tactically~*~*~ (hiding).
  8265 | D:8      | Killed Maggie
  8266 | D:8      | Reached XP level 10. HP: 66/86 MP: 8/8
  8266 | D:8      | 8266 ||| FLEEEEING.
  8267 | D:8      | 8267 ||| FLEEEEING.
  8268 | D:8      | 8268 ||| FLEEEEING.
  8269 | D:8      | 8269 ||| FLEEEEING.
  8270 | D:8      | 8270 ||| FLEEEEING.
  8271 | D:8      | 8271 ||| FLEEEEING.
  8272 | D:8      | 8272 ||| FLEEEEING.
  8273 | D:8      | 8273 ||| FLEEEEING.
  8274 | D:8      | 8274 ||| FLEEEEING.
  8275 | D:8      | 8275 ||| FLEEEEING.
  8276 | D:8      | 8276 ||| FLEEEEING.
  8282 | D:8      | 8282 ||| FLEEEEING.
  8283 | D:8      | 8283 ||| FLEEEEING.
  8284 | D:8      | 8284 ||| FLEEEEING.
  8301 | D:8      | 8301 ||| FLEEEEING.
  8302 | D:8      | 8302 ||| FLEEEEING.
  8303 | D:8      | 8303 ||| FLEEEEING.
  8304 | D:8      | 8304 ||| FLEEEEING.
  8305 | D:8      | 8305 ||| FLEEEEING.
  8306 | D:8      | 8306 ||| STAIRDANCE
  8363 | D:7      | 8363 ||| READING scroll labelled VILUGI KYPTO.
  8364 | D:7      | 8364 ||| READING scroll labelled MUTION IMEAMO.
  8451 | D:8      | 8451 ||| Stepping ~*~*~tactically~*~*~ (stealth).
  8474 | D:8      | 8474 ||| SWAPPING to +0 war axe of flaming.
  8475 | D:8      | 8475 ||| Stepping ~*~*~tactically~*~*~ (stealth).
  8476 | D:8      | 8476 ||| DROPPING +4 hammer of the Mushroom {speed, rF+}.
  8477 | D:8      | 8477 ||| DROPPING +1 war axe.
  8490 | D:8      | 8490 ||| INVOKING Berserk.
  8517 | D:8      | Reached skill level 9 in Shields
  8581 | D:8      | Found a staircase to the Lair.
  8631 | D:8      | Noticed Erica
  8632 | D:8      | 8632 ||| Stepping ~*~*~tactically~*~*~ (stealth).
  8634 | D:8      | 8634 ||| Stepping ~*~*~tactically~*~*~ (hiding).
  8637 | D:8      | 8637 ||| INVOKING Berserk.
  8646 | D:8      | Killed Erica
  8647 | D:8      | Reached skill level 13 in Axes
  8777 | D:8      | Found a sparkling altar of Nemelex Xobeh.
  8795 | D:8      | 8795 ||| INVOKING Berserk.
  8796 | D:8      | Reached **** piety under Trog
  9050 | D:8      | 9050 ||| PLANNING LAIR
  9050 | D:8      | 9050 ||| READING scroll labelled NESUAHEENU.
  9065 | D:8      | 9065 ||| DROPPING +0 whip.
  9091 | Lair:1   | Entered Level 1 of the Lair of Beasts
  9137 | Lair:1   | Noticed a cane toad
  9141 | Lair:1   | 9141 ||| INVOKING Berserk.
  9147 | Lair:1   | Killed a cane toad
  9282 | Lair:1   | Noticed a black mamba
  9286 | Lair:1   | 9286 ||| INVOKING Berserk.
  9289 | Lair:1   | Killed a black mamba
  9290 | Lair:1   | Reached skill level 14 in Axes
  9402 | Lair:1   | Found a shadowy altar of Dithmenos.
  9402 | Lair:1   | Noticed an oklob plant
  9408 | Lair:1   | 9408 ||| INVOKING Berserk.
  9413 | Lair:1   | Killed an oklob plant
  9414 | Lair:1   | Reached XP level 11. HP: 94/94 MP: 8/8
  9584 | Lair:1   | 9584 ||| INVOKING Berserk.
  9731 | Lair:1   | 9731 ||| Stepping ~*~*~tactically~*~*~ (stealth).
  9733 | Lair:1   | 9733 ||| INVOKING Berserk.
  9756 | Lair:1   | Reached skill level 15 in Axes
  9777 | Lair:1   | 9777 ||| INVOKING Berserk.
  9798 | Lair:1   | 9798 ||| Stepping ~*~*~tactically~*~*~ (stealth).
  9803 | Lair:1   | Reached skill level 9 in Fighting
 10063 | Lair:1   | 10063 ||| INVOKING Berserk.
 10066 | Lair:1   | Reached skill level 3 in Dodging
 10191 | Lair:1   | 10191 ||| INVOKING Berserk.
 10665 | Lair:2   | 10665 ||| Stepping ~*~*~tactically~*~*~ (stealth).
 10667 | Lair:2   | 10667 ||| INVOKING Berserk.
 10809 | Lair:2   | Found a staircase to the Snake Pit.
 10815 | Lair:2   | Reached skill level 16 in Axes
 10918 | Lair:2   | 10918 ||| Stepping ~*~*~tactically~*~*~ (stealth).
 10924 | Lair:2   | 10924 ||| Stepping ~*~*~tactically~*~*~ (stealth).
 10928 | Lair:2   | Reached skill level 9 in Armour
 10931 | Lair:2   | 10931 ||| Stepping ~*~*~tactically~*~*~ (stealth).
 11097 | Lair:2   | Noticed a catoblepas
 11100 | Lair:2   | 11100 ||| INVOKING Berserk.
 11101 | Lair:2   | Noticed a boulder beetle
 11107 | Lair:2   | Killed a catoblepas
 11131 | Lair:2   | Demolished by a boulder beetle

Levels and vault maps discovered:
D:1:      roderic_crossed_star, layout_basic, minmay_quantized
D:2:      layout_loops_cross, basic_altar, ebering_ecumenical_altar_webs,
          serial_shops, nicolae_shop_crystal, minmay_puff, uniq_natasha,
          uniq_robin
D:3:      layout_basic, dk_xom_monty_hall
D:4:      nicolae_cairo_tiling_very_big, layout_loops_ring,
          nicolae_dithmenos_shadow_blocks
D:5:      layout_basic, grunt_temple_overflow_order_and_chaos_2,
          lemuel_zombie_altar_yredelemnul, minmay_fractal_squares_5, uniq_ijyb,
          uniq_pikel, uniq_blork_the_orc, uniq_duvessa
D:6:      layout_cave_pools, lemuel_coloured_pillars_altar,
          evilmike_ruin_ashenzari, old_standard_altar, kennysheep_little_box,
          serial_column_ruins, column_ruins_open_small,
          column_ruins_columns_dead_end, column_ruins_grid_1,
          column_ruins_open_small
D:7:      layout_loops_corners, lemuel_temple_firewalk_b, serial_shops, shop,
          lightli_minifort, uniq_crazy_yiuf_cottage
D:8:      layout_rooms, lemuel_doored_altar, grunt_lair_entry_orc_guard_hut,
          uniq_erica, uniq_maggie
Lair:1:   layout_chaotic_city, lemuel_oklob_altar
Lair:2:   layout_small_grid, minmay_snake_entry_guardpost_medium,
          nicolae_volcano_entry_s_turn, infiniplex_staircase_pool

Skill      XL: |  1  2  3  4  5  6  7  8  9 10 11 |
---------------+----------------------------------+-----
Axes           | 4 5 6 7 10 12 14 16 | 16.0
Fighting       | 4 6 7 8 9 |  9.0
Shields        | 4 5 6 7 8 10 | 10.7
Armour         | 4 7 8 9 |  9.0
Throwing       | 1 |  1.1
Dodging        | 3 |  3.2

Action                   |  1- 3 |  4- 6 |  7- 9 | 10-12 || total
-------------------------+-------+-------+-------+-------++-------
Melee: Hand axe          |    65 |   123 |       |       ||   188
       Punch             |     1 |     1 |       |       ||     2
       Headbutt          |    12 |    22 |    25 |    41 ||   100
       War axe           |       |    36 |   184 |   236 ||   456
Throw: Boomerang         |       |       |    42 |    15 ||    57
Invok: Berserk           |     2 |     6 |    11 |    13 ||    32
  Use: Scroll            |     5 |     7 |     7 |     3 ||    22
       Potion            |     1 |     5 |       |       ||     6
Armor: Animal skin       |    15 |       |       |       ||    15
       Ring mail         |     3 |     1 |       |       ||     4
       Scale mail        |       |    41 |    22 |       ||    63
       Plate armour      |       |       |    50 |   135 ||   185
Dodge: Dodged            |    35 |    47 |    29 |    48 ||   159
Block: Kite shield       |       |    47 |    65 |   106 ||   218

Table legend:
 A = Non-vault XP
 B = Vault XP
 C = Vault XP percentage of total XP
 D = Non-vault monster count
 E = Vault monster count
 F = Vault count percentage of total count
                 A         B        C        D         E       F
            +---------+---------+-------+---------+---------+-------
      Total |   14451 |    4767 |  24.8 |     190 |      47 |  19.8
            +---------+---------+-------+---------+---------+-------
        D:1 |      42 |       7 |  14.3 |      27 |       4 |  12.9
        D:2 |     109 |      74 |  40.4 |      20 |      14 |  41.2
        D:3 |      48 |      45 |  48.4 |      16 |       2 |  11.1
        D:4 |     254 |       0 |   0.0 |       9 |       0 |   0.0
        D:5 |     631 |    1545 |  71.0 |      20 |      12 |  37.5
        D:6 |     735 |       0 |   0.0 |       9 |       0 |   0.0
        D:7 |     648 |     166 |  20.4 |      17 |       4 |  19.0
        D:8 |    1971 |    1739 |  46.9 |      28 |       6 |  17.6
     Lair:1 |    6761 |     527 |   7.2 |      31 |       1 |   3.1
     Lair:2 |    3252 |     664 |  17.0 |      13 |       4 |  23.5
            +---------+---------+-------+---------+---------+-------
